 Dungeon Crawl Stone Soup version 0.31-a0-277-g31ea1f65cc (webtiles) character file.

Game seed: 272405434003766276

1625585 Zonian the Slayer (level 26, 221/221 HPs)
             Began as a Pale Draconian Shapeshifter on July 8, 2023.
             Was a High Priest of Nemelex Xobeh.
             Escaped with the Orb
             ... and 4 runes on July 15, 2023!
             The game lasted 08:23:50 (135842 turns).

Zonian the Slayer (Pale Draconian Shapeshifter)   Turns: 135842, Time: 08:23:51

Health: 221/221    AC: 22    Str: 21 (22) XL:     26   Next: 69%
Magic:  44/44      EV: 19    Int: 18 (20) God:    Nemelex Xobeh [*****.]
Gold:   7155       SH: 13    Dex: 18      Spells: 6/60 levels left

rFire   + + .        w - +9 staff of Olgreb {rPois∞}
rCold   + + .        D - +2 shield of Resistance {rF++ rC++ Will++}
rNeg    + + .        (body armour unavailable)
rPois   ∞            u - +3 crown of Dyrovepreva {rElec Int+2 SInv}
rElec   +            O - +1 cloak of Submission {rN+ Regen+ Str+3 Dex+3}
rCorr   +            L - +2 pair of gloves
SInv    +            i - +1 pair of boots of Geist {rN+ rCorr Str+2}
Will    +++..        h - amulet of guardian spirit
Stlth   ++           V - ring "Pettil" {+Blink Slay+4}
HPRegen 1.36/turn    z - +4 ring of slaying
MPRegen 0.29/turn

%: guardian spirit
@: hasted (expiring), studying Evocations, very quick
A: breathe steam, AC +12, unfitting armour, cold-blooded, steam resistance,
stinger 1, see invisible, frail 1, subdued magic 1
0: Orb of Zot
}: 4/15 runes: decaying, serpentine, slimy, silver
a: Breathe Steam, Renounce Religion, Evoke Blink, Evoke the Staff of Olgreb,
Draw Escape, Draw Destruction, Draw Summoning, Draw Stack, Triple Draw, Deal
Four, Stack Five


You escaped.
You worshipped Nemelex Xobeh.
Nemelex Xobeh was extremely pleased with you.
You visited 12 branches of the dungeon, and saw 56 of its levels.
You visited the Abyss 1 time.
You also visited: Trove, Sewer, Bailey and Ice Cave.

You collected 9547 gold pieces.
You spent 2392 gold pieces at shops.

Inventory:

Hand Weapons
 d - the +10 whip "Waihany" {speed, rN+ Int+2}
   (You found it on level 5 of the Dungeon)

   Int:       It affects your intelligence (+2).
   rN:        It protects you from negative energy.
 w - the +9 staff of Olgreb (weapon) {rPois∞}
   (You acquired it on level 2 of the Swamp)

   It enhances your poison magic.
   It grants immunity to poison.
   It can be activated via the 'a'bility menu to radiate toxic energy, with
   effectiveness depending on Evocations skill.
Missiles
 k - 2 boomerangs of dispersal
 r - 13 curare-tipped darts
 C - 9 silver boomerangs
 X - 7 silver javelins
 Y - 2 throwing nets
Armour
 i - the +1 pair of boots of Geist (worn) {rN+ rCorr Str+2}
   (You found it on level 3 of the Elven Halls)

   Str:       It affects your strength (+2).
   rN:        It protects you from negative energy.
   rCorr:     It protects you from acid and corrosion.
 u - the +3 crown of Dyrovepreva (worn) {rElec Int+2 SInv}
   (You found it on level 5 of the Vaults)

   Int:       It affects your intelligence (+2).
   rElec:     It insulates you from electricity.
   SInv:      It lets you see invisible.
 D - the +2 shield of Resistance (worn) {rF++ rC++ Will++}
   (You found it on level 12 of the Dungeon)

   rF:        It greatly protects you from fire.
   rC:        It greatly protects you from cold.
   Will:      It greatly increases your willpower.
 L - a +2 pair of gloves (worn)
 O - the +1 cloak of Submission (worn) {rN+ Regen+ Str+3 Dex+3}
   (You found it on level 3 of the Swamp)

   Str:       It affects your strength (+3).
   Dex:       It affects your dexterity (+3).
   rN:        It protects you from negative energy.
   Regen:     It increases your rate of health regeneration.
Jewellery
 e - a +6 ring of strength
 h - an amulet of guardian spirit (around neck)
 z - a +4 ring of slaying (right hand)
 V - the ring "Pettil" (left hand) {+Blink Slay+4}
   (You found it on level 5 of the Lair of Beasts)

   [ring of slaying]

   Slay:      It affects your accuracy & damage with ranged weapons and melee
   (+4).
   +Blink:    It lets you blink.
Wands
 o - a wand of digging (7)
 x - a wand of roots (32)
 A - a wand of quicksilver (20)
 K - a wand of mindburst (33)
 M - a wand of charming (19)
 P - a wand of flame (48)
Scrolls
 b - 5 scrolls of fog
 c - 2 scrolls of blinking
 j - 3 scrolls of summoning
 l - 6 scrolls of poison
 m - 4 scrolls of revelation
 s - 2 scrolls of fear
 J - 3 scrolls of immolation
 S - 6 scrolls of teleportation
 U - 4 scrolls of silence
Potions
 a - 5 potions of lignification
 g - 15 potions of enlightenment
 n - 12 potions of curing
 q - 6 potions of berserk rage
 v - 5 potions of might
 y - 2 potions of cancellation
 B - 2 potions of ambrosia
 G - 13 potions of resistance
 H - a potion of magic
 Q - 8 potions of invisibility
 R - 4 potions of brilliance
Miscellaneous
 f - a condenser vane
 E - a phantom mirror (inert)
 I - a box of beasts
 N - a phial of floods
 W - a lightning rod (4/4)


   Skills:
 - Level 21.7 Fighting
 - Level 12.0(13.3) Maces & Flails
 - Level 9.6(12.2) Staves
 - Level 8.0 Throwing
 - Level 13.0 Dodging
 - Level 7.8 Stealth
 - Level 8.3 Shields
 - Level 4.7 Unarmed Combat
 - Level 17.6 Spellcasting
 - Level 9.6 Conjurations
 - Level 4.0 Summonings
 - Level 5.8 Necromancy
 - Level 6.0 Translocations
 - Level 14.8 Transmutations
 + Level 18.9 Fire Magic
 - Level 9.4 Ice Magic
 - Level 11.5 Air Magic
 - Level 12.0 Poison Magic
 - Level 12.5 Invocations
 - Level 18.0 Evocations
 - Level 12.6 Shapeshifting


You had 6 spell levels left.
You knew the following spells:

 Your Spells              Type           Power      Damage    Failure   Level
a - Arcjolt               Conj/Air       20%        1d30      1%          5
b - Frozen Ramparts       Ice            76%        1d12      1%          3
c - Ozocubu's Armour      Ice            38%        N/A       1%          3
d - Dispel Undead         Necr           28%        3d13      4%          4
e - Blink                 Tloc           56%        N/A       1%          2
f - Wereblood             Tmut           52%        N/A       0%          2
g - Plasma Beam           Fire/Air       26%        2x1d39    1%          6
h - Summon Ice Beast      Ice/Summ       30%        N/A       3%          4
i - Eringya's Noxious Bo  Tmut/Pois      32%        4d6       3%          6
j - Mephitic Cloud        Conj/Pois/Air  59%        N/A       1%          3
k - Airstrike             Air            22%        2d(4-20)  1%          4
l - Swiftness             Air            44%        N/A       1%          3
m - Alistair's Intoxicat  Tmut/Pois      43%        N/A       1%          5
n - Manifold Assault      Tloc           28%        N/A       4%          4

Your spell library contained the following spells:

 Spells                   Type           Power      Damage    Failure   Level
 Freeze                   Ice            100%       1d10      1%          1
 Kiss of Death            Conj/Necr      100%       2d13      1%          1
 Magic Dart               Conj           100%       1d8       1%          1
 Shock                    Conj/Air       100%       1d9       1%          1
 Summon Small Mammal      Summ           92%        N/A       1%          1
 Cigotuvi's Dreadful Rot  Necr/Pois/Air  100%       N/A       1%          2
 Ensorcelled Hibernation  Hex/Ice        50%        N/A       1%          2
 Lesser Beckoning         Tloc           56%        N/A       1%          2
 Momentum Strike          Conj/Tloc      66%        3d9       1%          2
 Passwall                 Tmut/Erth      26%        N/A       1%          2
 Poisonous Vapours        Pois/Air       100%       N/A       1%          2
 Searing Ray              Conj           76%        2d7       1%          2
 Sublimation of Blood     Necr           28%        N/A       1%          2
 Gell's Gravitas          Tloc           28%        N/A       1%          3
 Hailstorm                Conj/Ice       38%        3d9       1%          3
 Ignite Poison            Fire/Tmut/Pois 69%        N/A       1%          3
 Teleport Other           Tloc           28%        N/A       1%          3
 Vhi's Electric Charge    Tloc/Air       72%        N/A       1%          3
 Volatile Blastmotes      Fire/Tloc      92%        2d17      1%          3
 Fireball                 Conj/Fire      25%        3d11      1%          5
 Dazzling Flash           Conj/Hex       50%        N/A       2%          3
 Stone Arrow              Conj/Erth      50%        3d10      2%          3
 Petrify                  Tmut/Erth      32%        N/A       2%          4
 Summon Lightning Spire   Summ/Air       33%        N/A       2%          4
 Freezing Cloud           Conj/Ice/Air   20%        6-21      2%          5
 Iskenderun's Battlesphe  Conj           38%        2d9       2%          5
 Call Canine Familiar     Summ           23%        N/A       3%          3
 Portal Projectile        Hex/Tloc       40%        N/A       4%          3
 Animate Dead             Necr           28%        N/A       4%          4
 Passage of Golubria      Tloc           28%        N/A       4%          4
 Sandblast                Erth           24%        2d8       5%          1
 Summon Guardian Golem    Hex/Summ       17%        N/A       8%          3
 Fulminant Prism          Conj/Hex       12%        3d8       8%          4
 Yara's Violent Unravell  Hex/Tmut       16%        3d8       8%          5
 Conjure Ball Lightning   Conj/Air       20%        3x3d6     12%         6
 Agony                    Necr           28%        N/A       16%         5
 Silence                  Hex/Air        14%        N/A       16%         5
 Confusing Touch          Hex            12%        N/A       19%         3
 Tukima's Dance           Hex            12%        N/A       19%         3
 Anguish                  Hex/Necr       10%        N/A       19%         4
 Summon Forest            Summ/Tloc      13%        N/A       22%         5
 Metabolic Englaciation   Hex/Ice        12%        N/A       24%         5
 Simulacrum               Ice/Necr       16%        N/A       38%         6
 Borgnjor's Vile Clutch   Necr/Erth      10%        N/A       47%         5
 Dispersal                Tloc           14%        N/A       63%         6
 Death Channel            Necr           14%        N/A       65%         6
 Leda's Unmaking          Conj/Erth      12%        9d3       80%         6
 Lee's Rapid Deconstruct  Erth           6%         3d6*      87%         5
 Orb of Destruction       Conj           19%        9d8       71%         7
 Ozocubu's Refrigeration  Ice            19%        4d11      73%         7
 Spellforged Servitor     Conj/Summ      15%        N/A       98%         7
 Haunt                    Necr/Summ      12%        N/A       100%        7
 Monstrous Menagerie      Summ           11%        N/A       100%        7
 Summon Hydra             Summ           11%        N/A       100%        7
 Borgnjor's Revivificati  Necr           14%        N/A       100%        8
 Discord                  Hex            6%         N/A       100%        8
 Disjunction              Tloc           14%        N/A       100%        8
 Lehudib's Crystal Spear  Conj/Erth      12%        10d4      100%        8
 Chain Lightning          Conj/Air       20%        3d27      100%        9
 Death's Door             Necr           14%        N/A       100%        9
 Fire Storm               Conj/Fire      25%        8d7       100%        9
 Polar Vortex             Ice            19%        12d2*     100%        9
 Shatter                  Erth           6%         3d9*      100%        9
 Animate Armour           Summ/Erth      Unusable   N/A       N/A         4

Dungeon Overview and Level Annotations

Branches:
Dungeon (15/15)            Temple (1/1) D:6            Lair (5/5) D:8
  Swamp (4/4) Lair:2        Snake (4/4) Lair:3        Slime (5/5) Lair:5
    Orc (2/2) D:10            Elf (3/3) Orc:2        Vaults (5/5) D:14
  Crypt (3/3) Vaults:2       Tomb (0/3) Crypt:3      Depths (4/4) D:15
    Zot (5/5) Depths:4      Sewer (visited)          Bailey (visited)
  IceCv (visited)

Altars:
Ashenzari
Cheibriados
Dithmenos
Elyvilon
Fedhas
Gozag
Hepliaklqana
Kikubaaqudgha
Makhleb
Nemelex Xobeh
Okawaru
Qazlal
Ru
Sif Muna
Trog
Uskayaw
Vehumet
Wu Jian
Xom
Yredelemnul
Zin
The Shining One
Lugonu

Shops:
D:2 =   Orc:1 :*=(   Orc:2 **((=   Elf:2 :   Elf:3 (   Snake:3 :=:   Vaults:1 [
Vaults:2 !   Vaults:3 (   Vaults:4 [   Depths:1 [   Depths:2 =([   Depths:4 [

Portals:
Hell: Depths:1 Depths:2 Depths:3 Depths:4
Abyss: Slime:4 Depths:3
Pandemonium: Depths:2
Ziggurat: Depths:1

Annotations:
D:5 1 runed translucent door
Snake:1 2 transporters
Elf:2 3 runed translucent doors
Crypt:2 2 transporters, exclusion: orange crystal statue, Boris
Zot:2 1 runed translucent door, Wukiw's ghost, legendary MiBe
Zot:4 6 transporters


Innate Abilities, Weirdness & Mutations

You can breathe blasts of scalding, opaque steam.
Your pale cyan-grey scales are hard. (AC +12)
You cannot fit into any form of body armour.
You are cold-blooded and may be slowed by cold attacks.
You are immune to the effects of steam.
Your tail ends in a venomous barb.
You have supernaturally acute eyesight. (SInv)
You are frail. (-10% HP)
Your spells are a little easier to cast, but a little less powerful.


Message History

A rock wall.
This square is covered in magical glow.
The rock shatters into small pieces.
Unknown command.
The sixfirhy closely misses you. You block the sixfirhy's attack.
There is a stone staircase leading up, spattered with blood here.
You block the sixfirhy's attack.
You climb upwards.
There is a stone staircase leading down here.
Unknown command.
You barely miss the sixfirhy.
Your tail-slap misses the sixfirhy.
You sock the sixfirhy!
You envenom the sixfirhy!
The sixfirhy is poisoned.
Your tail-slap misses the sixfirhy.
The sixfirhy is almost dead.
You sock the sixfirhy!
You kill the sixfirhy!
There is a stone staircase leading down here.
There is a stone staircase leading down here.
You feel yourself speed up.
Things that are here:
2 stones; a +0 dagger Unknown command.
An Orb Guardian comes into view.
Unknown command.
Aiming: Dig
Press: ? - help, Shift-Dir - straight line A rock wall.
This square is covered in magical glow.
The rock shatters into small pieces.
Unknown command.
You see here a +0 robe.
Aiming: Dig
Press: ? - help, Shift-Dir - straight line A rock wall.
This square is covered in magical glow.
The rock shatters into small pieces.
Unknown command.
Your extra speed is starting to run out.
There is a staircase leading out of the dungeon here.
You have escaped!

.........#######.# #######.
.######..# #.# #. .# #..# #####
## .# #..# ##.### # .# #..#####
##..#.#### ## .# #......#
#....#...## ###.
.######...##.###.........#####..X
.##.......##.##....##....)##...#.
....##........#.@....X....#.[.##.
.##.##†##.#####...######....##...
.##.##.##.# ###...###.........#
.##.##.##.### #..........######
.##.##......# ###.....#########
.##.#####.### #######........
.##.......# #.####### .##########
####.# ## #....#


You could see an Orb Guardian.

Vanquished Creatures
  the Royal Jelly (Slime:5)
  3 dread liches
  5 ancient liches
  2 orbs of fire (Zot:5)
  3 juggernauts (Depths:3)
  Margery (Crypt:1)
  Xtahua (Vaults:3)
  Frederick (Vaults:2)
  10 Killer Klowns (Zot:5)
  Saint Roka (Vaults:2)
  Bai Suzhen (Snake:3)
  Nikola (Swamp:1)
  8 golden dragons
  A bone dragon (Depths:4)
  2 Brimstone Fiends
  3 doom hounds (Zot:3)
  13 tentacled monstrosities
  4 electric golems
  Jorgrun (D:13)
  A hellephant (D:9)
  23 Orb Guardians
  2 liches
  Mlioglotl (Swamp:1)
  4 titans
  2 Ice Fiends
  6 quicksilver dragons
  25 acid blobs
  Grunn (Zot:3)
  A deep elf master archer (Elf:3)
  2 deep elf blademasters (Elf:3)
  11 death cobs
  An ancient champion (Crypt:2)
  An Executioner (Depths:1)
  11 storm dragons
  8 sphinxes
  12 shadow dragons
  Gastronok (Lair:1)
  7 tengu reavers
  15 fire giants
  4 nagarajas (Snake:4)
  Kirke (D:15)
  4 revenants
  2 draconian monks
  10 rockslimes
  A demonspawn warmonger (Depths:1)
  5 draconian knights
  7 azure jellies
  8 draconian scorchers
  A balrug (Depths:1)
  A fenstrider witch (Swamp:3)
  7 deep elf sorcerers
  12 frost giants
  3 iron dragons
  3 curse skulls
  22 vault wardens
  A juggernaut zombie (Crypt:3)
  3 draconian stormcallers
  3 caustic shrike zombies
  2 deep elf elementalists
  6 ghost moths
  8 ghouls
  5 draconian shifters
  3 orc warlords (Vaults:1)
  2 spriggan defenders (Depths:2)
  3 war gargoyles
  4 formless jellyfish
  15 very ugly things
  5 draconian annihilators
  2 caustic shrike skeletons
  10 ironbound preservers
  5 reapers (Crypt:3)
  14 stone giants
  5 quicksilver oozes
  A stone giant (shapeshifter) (D:15)
  9 deep elf demonologists
  8 green draconians
  5 ironbound thunderhulks
  4 eleionomae
  5 deep elf annihilators
  4 black draconians
  5 vampire knights
  10 dire elephants
  8 white draconians
  3 red draconians
  6 purple draconians
  21 yellow draconians
  6 spark wasps
  3 bunyips
  10 eidola
  3 crystal guardians
  A green death (Depths:3)
  16 deep elf death magi
  10 yaktaur captains
  11 ettins
  5 fire dragons
  A mummy priest (Crypt:3)
  3 deep elf high priests
  3 entropy weavers
  A shambling mangrove (Swamp:4)
  10 jiangshi
  12 great orbs of eyes
  4 rakshasas
  4 spriggan zombies
  15 ice dragons
  4 hydras
  4 ogre magi
  A quicksilver dragon skeleton (Crypt:3)
  3 peacekeepers
  5 salamander tyrants (Snake:4)
  A catoblepas (Elf:3)
  A hell beast (Depths:2)
  A ghost crab (Swamp:2)
  6 ironbound frosthearts
  34 vault guards
  19 centaur warriors
  8 alligators
  6 anacondas
  Erica (D:10)
  4 death knights
  11 dancing weapons
  2 spriggan air magi
  10 two-headed ogres
  6 naga warriors (Snake:4)
  A fenstrider witch skeleton (Crypt:3)
  10 death yaks
  5 deep troll shamans (Depths:3)
  2 boulder beetles
  A tengu warrior (D:13)
  3 hell hogs (Depths:2)
  6 orc high priests (Orc:2)
  9 deep troll earth magi
  7 vampire magi
  4 shock serpents
  2 titan zombies
  4 sun demons
  13 naga sharpshooters
  26 skeletal warriors
  A spriggan berserker (Depths:3)
  14 hell knights
  A fire crab (Depths:3)
  5 iron trolls
  12 deep elf knights
  3 salamander mystics
  2 skysharks
  A shadow wraith (Vaults:4)
  9 soul eaters
  Lodul (D:14)
  3 sixfirhies
  An iron troll (shapeshifter) (Vaults:5)
  An anaconda zombie (Crypt:2)
  2 cherubim
  4 sea snakes (Snake:1)
  A deep troll (shapeshifter) (Vaults:3)
  4 spriggan druids
  A glowing orange brain (shapeshifter) (Depths:4)
  9 glowing orange brains
  4 swamp dragons
  3 goliath frogs
  5 deep elf archers
  37 deep trolls
  2 bog bodies
  2 flayed ghosts
  5 lindwurms
  Pikel (D:6)
  An obsidian statue (D:10)
  8 naga ritualists
  An orange crystal statue (D:10)
  21 necromancers
  6 wizards
  A tengu zombie (Depths:3)
  A bunyip skeleton (Crypt:3)
  6 harpies
  16 ironbound convokers
  46 ugly things
  10 phantasmal warriors
  14 orc knights
  4 orc sorcerers
  29 deep elf zephyrmancers
  3 oklob plants (Zot:4)
  25 deep elf pyromancers
  8 mana vipers
  2 stone giant zombies
  A shadow dragon skeleton (Depths:3)
  4 shining eyes
  An iron dragon zombie (Depths:3)
  8 cyclopes
  A tengu skeleton (Depths:2)
  15 elephants
  A salamander (shapeshifter) (Elf:3)
  4 manticores
  9 salamanders
  A sphinx skeleton (Crypt:1)
  An iron dragon skeleton (Crypt:1)
  17 moths of wrath
  3 will-o-the-wisps
  A naga zombie (Crypt:3)
  A guardian serpent (shapeshifter) (Vaults:5)
  5 smoke demons
  Maurice (Orc:1)
  A dire elephant zombie (Crypt:1)
  An ice statue (IceCv)
  An alligator snapping turtle zombie (Crypt:3)
  10 naga magi
  An eye of devastation (D:15)
  2 gargoyles (D:9)
  A rust devil (Depths:1)
  3 water nymphs
  29 black mambas
  19 vault sentinels
  2 torpor snails
  A storm dragon simulacrum (Depths:2)
  5 cane toads
  12 freezing wraiths
  A white draconian zombie (Crypt:1)
  3 centaur skeletons
  61 yaktaurs
  The ghost of Starbright the Stinger, a novice FoVM (D:5)
  2 anaconda simulacra (IceCv)
  2 tengu conjurers
  4 dire elephant skeletons
  A spark wasp simulacrum (Depths:2)
  10 komodo dragons
  17 ice devils
  A purple draconian skeleton (Crypt:2)
  A bloated husk (Swamp:2)
  A black draconian skeleton (Crypt:1)
  16 trolls
  8 polar bears
  A merfolk (shapeshifter) (Vaults:5)
  13 hellwings (Crypt:3)
  A harpy skeleton (Crypt:3)
  A harpy zombie (Crypt:3)
  6 tyrant leeches
  Prince Ribbit (Bailey)
  A tengu simulacrum (Depths:2)
  20 hornets
  2 sphinx simulacra
  2 dream sheep (Lair:5)
  21 blink frogs
  An ice dragon zombie (Crypt:3)
  A snapping turtle (Snake:1)
  A fire giant simulacrum (Depths:2)
  A radroach zombie (Crypt:1)
  110 slime creatures
  A culicivora (Vaults:4)
  A jumping spider (Vaults:2)
  2 air elementals (Elf:1)
  Sigmund (D:3)
  42 yaks
  A shadow (D:10)
  An ettin skeleton (Crypt:3)
  10 wraiths
  28 spriggans
  4 wyverns
  An ushabti (Crypt:3)
  A spriggan (shapeshifter) (Vaults:5)
  A dire elephant simulacrum (IceCv)
  A spriggan skeleton (Depths:2)
  4 water elementals
  A vampire (D:14)
  2 hogs (D:15)
  6 humans (Bailey)
  4 fire elementals
  5 golden eyes (Slime:4)
  A redback (Vaults:2)
  2 swamp worm simulacra (Swamp:4)
  3 basilisks
  4 death yak simulacra (IceCv)
  A steam dragon (D:7)
  20 swamp worms
  2 wargs
  A warg (shapeshifter) (Vaults:5)
  A skyshark zombie (Crypt:1)
  45 nagas
  4 acid dragons
  15 hydra simulacra
  14 water moccasins
  A naga skeleton (Crypt:3)
  47 orc warriors
  A swamp drake (Swamp:1)
  An ice beast (D:5)
  4 black bears
  A sky beast (D:8)
  A black bear (shapeshifter) (Vaults:5)
  50 wolves
  10 centaurs
  A swamp dragon zombie (Crypt:2)
  12 boggarts
  25 ogres
  2 kobold brigands
  2 gnoll sergeants
  17 bullfrogs
  7 necrophages
  A scorpion (D:5)
  A two-headed ogre simulacrum (IceCv)
  3 cane toad simulacra (IceCv)
  10 wyvern skeletons (Crypt:3)
  An earth elemental (Elf:2)
  7 wights (D:9)
  4 elephant simulacra (IceCv)
  8 killer bees
  10 howler monkeys
  A polar bear skeleton (Crypt:2)
  17 electric eels
  A centaur zombie (Crypt:2)
  28 orc priests
  28 jellies
  3 hounds
  2 sleepcaps
  A basilisk skeleton (Crypt:1)
  4 iguanas
  15 orc wizards
  Natasha (thrice) (D:3)
  2 polar bear simulacra (IceCv)
  3 troll simulacra (IceCv)
  7 wolf simulacra (IceCv)
  An acid dragon zombie (Crypt:1)
  2 mummies (Crypt:3)
  13 gnolls
  A naga simulacrum (IceCv)
  A river rat (D:8)
  6 adders
  A shadow imp (D:5)
  2 white imps
  6 swamp drake simulacra (Swamp:4)
  4 worms
  2 dart slugs
  89 orcs
  A bat zombie (Crypt:2)
  4 endoplasms
  5 giant cockroaches
  12 goblins
  9 hobgoblins
  13 jackals
  2 quokkas (D:1)
  6 ball pythons
  2 bats (D:1)
  2 frilled lizards
  A frilled lizard zombie (Crypt:2)
  13 kobolds
  6 rats
  A lurking horror (Slime:4)
2398 creatures vanquished.

Vanquished Creatures (collateral kills)
  A lich (D:9)
  A draconian scorcher (Depths:4)
  A vault warden (Vaults:2)
  An ironbound preserver (Vaults:2)
  A quicksilver ooze (Slime:5)
  A jiangshi (Crypt:2)
  An alligator (Swamp:4)
  A large abomination (D:9)
  A deep troll (Vaults:2)
  An ironbound convoker (Vaults:2)
  4 orc priests (Orc:2)
  4 orcs (Orc:2)
18 creatures vanquished.

Vanquished Creatures (others)
  An ancient lich (Zot:5)
  A deep elf master archer (Elf:3)
  A fire dragon (Depths:4)
  A hydra (Swamp:1)
  A deep elf knight (Elf:2)
  A deep elf archer (Elf:2)
  An ironbound convoker (Vaults:5)
  2 deep elf zephyrmancers
  An ugly thing (IceCv)
  A hornet (Swamp:1)
  A water elemental (Elf:3)
  A human (D:15)
  A swamp drake (Swamp:1)
  7 foxfires
21 creatures vanquished.

Grand Total: 2437 creatures vanquished

Notes
Turn   | Place    | Note
-------+----------+-------------------------------------------
     0 | D:1      | Zonian the Draconian Transmuter began the quest for the
                  | Orb.
     0 | D:1      | Reached XP level 1. HP: 16/16 MP: 3/3
   311 | D:1      | Reached XP level 2. HP: 23/23 MP: 3/5
  1328 | D:2      | Reached XP level 3. HP: 29/29 MP: 4/6
  1765 | D:2      | Got the Guidebook on Hurting and the Arsonist
  1801 | D:2      | Reached skill level 2 in Fighting
  1985 | D:2      | Found Tonnuro's Jewellery Shop.
  2100 | D:2      | Learned a level 2 spell: Wereblood
  2104 | D:2      | Learned a level 7 spell: Spider Form
  2338 | D:3      | Noticed Sigmund
  2352 | D:3      | Killed Sigmund
  2353 | D:3      | Reached XP level 4. HP: 37/37 MP: 6/8
  2353 | D:3      | Reached XP level 5. HP: 44/44 MP: 6/9
  2883 | D:3      | Reached skill level 3 in Fighting
  3007 | D:3      | Noticed Natasha
  3010 | D:3      | Killed Natasha
  3043 | D:3      | Noticed Natasha
  3052 | D:3      | Killed Natasha
  3053 | D:3      | Reached XP level 6. HP: 51/51 MP: 10/10
  3129 | D:3      | Noticed Natasha
  3154 | D:3      | Killed Natasha
  3378 | D:4      | Found a basalt altar of Yredelemnul.
  3511 | D:4      | Found a glowing drain.
  3583 | Sewer    | Entered a sewer
  3641 | Sewer    | Noticed a water moccasin
  3648 | Sewer    | Killed a water moccasin
  4111 | D:5      | Entered Level 5 of the Dungeon
  4119 | D:5      | Your scales start taking on a pale cyan-grey colour.
  4119 | D:5      | Reached XP level 7. HP: 50/58 MP: 9/12
  4119 | D:5      | Gained mutation: You are immune to the effects of steam.
                  | [Pale Draconian growth]
  4380 | D:5      | Reached skill level 4 in Fighting
  4588 | D:5      | Identified the +10 whip "Waihany" {speed, rN+ Int+2}
  4766 | D:5      | Found a runed translucent door.
  4796 | D:5      | Found a runed translucent door.
  4799 | D:5      | Noticed Starbright's ghost (novice FoVM)
  5219 | D:5      | Reached XP level 8. HP: 67/67 MP: 12/14
  5326 | D:5      | Identified the staff of the Desolation of Salt {Fly rElec
                  | Str+2 Air}
  5698 | D:6      | Noticed Pikel
  5709 | D:6      | Reached skill level 5 in Fighting
  5718 | D:6      | Killed Pikel
  5719 | D:6      | Reached skill level 5 in Dodging
  5719 | D:6      | Reached skill level 5 in Spellcasting
  5719 | D:6      | Reached skill level 5 in Transmutations
  5862 | D:6      | Reached skill level 6 in Fighting
  5864 | D:6      | Reached XP level 9. HP: 64/75 MP: 12/17
  5909 | D:6      | Noticed a troll
  5939 | D:6      | Killed a troll
  5940 | D:6      | Reached skill level 1 in Maces & Flails
  6175 | D:6      | Found a staircase to the Ecumenical Temple.
  6181 | Temple   | Entered the Ecumenical Temple
  6421 | Temple   | Became a worshipper of Nemelex Xobeh the Trickster
  6533 | D:6      | Found a blossoming altar of Fedhas.
  6547 | D:6      | Found a radiant altar of Vehumet.
  6785 | D:7      | Got the Parchment of Freezing and the Storm
  6836 | D:7      | Reached skill level 7 in Fighting
  7233 | D:7      | Found a flagged portal.
  7249 | Bailey   | Entered a bailey
  7656 | Bailey   | Reached XP level 10. HP: 72/86 MP: 11/19
  8148 | Bailey   | Noticed Prince Ribbit
  8159 | Bailey   | Noticed a vault guard
  8162 | Bailey   | Killed Prince Ribbit
  8174 | Bailey   | Killed a vault guard
  8175 | Bailey   | Reached skill level 8 in Fighting
  8467 | Bailey   | Noticed a vault guard
  8487 | Bailey   | Killed a vault guard
  9245 | D:8      | Noticed a death yak
  9247 | D:8      | Noticed a death yak
  9253 | D:8      | Noticed a death yak
  9255 | D:8      | Killed a death yak
  9256 | D:8      | Reached skill level 5 in Maces & Flails
  9292 | D:7      | Killed a death yak
  9293 | D:7      | Reached XP level 11. HP: 13/95 MP: 3/22
  9890 | D:8      | Found a staircase to the Lair.
 10036 | D:8      | Reached * piety under Nemelex Xobeh
 10346 | D:8      | Killed a death yak
 10347 | D:8      | Reached skill level 9 in Fighting
 10689 | D:2      | Bought a ring of poison resistance for 240 gold pieces
 10852 | Lair:1   | Entered Level 1 of the Lair of Beasts
 11179 | Lair:1   | Noticed Gastronok
 11227 | Lair:1   | Killed Gastronok
 11511 | Lair:1   | You fall into a shaft and drop 1 floor!
 11524 | Lair:2   | Noticed a skyshark
 11545 | Lair:2   | Killed a skyshark
 12194 | Lair:2   | Reached skill level 10 in Fighting
 12680 | Lair:1   | Received a gift from Nemelex Xobeh
 12824 | Lair:1   | Reached XP level 12. HP: 94/106 MP: 15/24
 12852 | Lair:1   | Learned a level 7 spell: Ice Form
 13102 | Lair:1   | Reached skill level 1 in Ice Magic
 13271 | Lair:1   | Reached ** piety under Nemelex Xobeh
 13732 | Lair:2   | Reached skill level 1 in Poison Magic
 14061 | Lair:2   | Received a gift from Nemelex Xobeh
 14511 | Lair:2   | Found a staircase to the Swamp.
 14614 | Lair:3   | Noticed a death yak
 14759 | Lair:3   | Noticed a seven-headed hydra
 14773 | Lair:3   | Killed a seven-headed hydra
 14852 | Lair:3   | Found a staircase to the Snake Pit.
 14877 | Lair:3   | Reached skill level 11 in Fighting
 14938 | Lair:3   | Noticed a death yak
 14938 | Lair:3   | Noticed a death yak
 14939 | Lair:3   | Noticed a death yak
 14941 | Lair:3   | Noticed a death yak
 15717 | Lair:3   | Reached XP level 13. HP: 84/116 MP: 16/25
 16409 | Lair:3   | Reached skill level 5 in Ice Magic
 16856 | Lair:3   | Reached skill level 10 in Dodging
 17558 | Lair:4   | Reached *** piety under Nemelex Xobeh
 17769 | Lair:4   | Received a gift from Nemelex Xobeh
 17801 | Lair:4   | Reached skill level 12 in Fighting
 17953 | Lair:5   | Entered Level 5 of the Lair of Beasts
 18035 | Lair:5   | Found a runed translucent door.
 18093 | Lair:5   | Noticed an acid blob
 18094 | Lair:5   | Found a staircase to the Slime Pits.
 18821 | Lair:5   | Reached skill level 10 in Maces & Flails
 19805 | Lair:5   | Reached XP level 14. HP: 127/127 MP: 26/26
 20882 | Lair:5   | Identified the +1 cloak of Quiet Fog {rF+ Dex+3 SInv}
 20882 | Lair:5   | Identified the ring "Pettil" {+Blink Slay+4}
 21170 | D:8      | Found an opulent altar of Gozag.
 21383 | D:9      | Reached **** piety under Nemelex Xobeh
 21383 | D:9      | Received a gift from Nemelex Xobeh
 21435 | D:9      | Reached skill level 1 in Shields
 21436 | D:9      | Reached skill level 1 in Stealth
 22161 | D:9      | Reached skill level 13 in Fighting
 22691 | D:10     | Entered Level 10 of the Dungeon
 22751 | D:10     | Noticed Erica
 22761 | D:10     | Killed Erica
 22781 | D:10     | Found a staircase to the Orcish Mines.
 24046 | D:10     | Received a gift from Nemelex Xobeh
 24596 | D:11     | Found a burning altar of Makhleb.
 24613 | D:11     | Reached ***** piety under Nemelex Xobeh
 24680 | D:11     | Reached skill level 1 in Evocations
 25383 | D:11     | Received a gift from Nemelex Xobeh
 26237 | D:12     | Found the +2 shield of Resistance {rF++ rC++ Will++}
 26240 | D:12     | Found a runed translucent door.
 26355 | D:12     | Found a runed translucent door.
 27172 | D:13     | Received a gift from Nemelex Xobeh
 28074 | D:13     | Learned a level 2 spell: Blink
 28658 | D:13     | Noticed Jorgrun
 28863 | D:13     | Reached skill level 1 in Translocations
 29075 | D:13     | Killed Jorgrun
 29489 | D:13     | Reached XP level 15. HP: 84/137 MP: 16/27
 29811 | D:14     | Noticed Lodul
 29819 | D:14     | Killed Lodul
 29876 | D:14     | Found a snail-covered altar of Cheibriados.
 29901 | D:14     | Received a gift from Nemelex Xobeh
 30465 | D:14     | Found a gate to the Vaults.
 30772 | D:14     | Reached skill level 5 in Stealth
 30784 | D:14     | Reached skill level 5 in Shields
 31039 | D:15     | Entered Level 15 of the Dungeon
 31281 | D:15     | Received a gift from Nemelex Xobeh
 31293 | D:15     | Reached skill level 14 in Fighting
 31412 | D:15     | Reached skill level 5 in Evocations
 32353 | D:15     | Found a staircase to the Depths.
 33085 | D:15     | Received a gift from Nemelex Xobeh
 33620 | D:15     | Noticed a fire giant
 33624 | D:15     | Noticed Kirke
 33726 | D:15     | Killed Kirke
 33769 | D:15     | Noticed a shadow dragon
 34070 | D:15     | Noticed a rockslime
 34176 | Orc:1    | Entered Level 1 of the Orcish Mines
 34207 | Orc:1    | Found Fecw's Book Shop.
 34353 | Orc:1    | Noticed Maurice
 34354 | Orc:1    | Found a frozen archway.
 34359 | Orc:1    | Killed Maurice
 34392 | IceCv    | Entered an ice cave
 34587 | IceCv    | Reached skill level 1 in Invocations
 35094 | IceCv    | Found an ancient bone altar of Kikubaaqudgha.
 36535 | Orc:1    | Received a gift from Nemelex Xobeh
 36537 | Orc:1    | Found Okolut's Jewellery Boutique.
 36544 | Orc:1    | Found Sotoek's Antique Weapon Boutique.
 36762 | Orc:1    | Found Meec's Assorted Antiques.
 36767 | Orc:1    | Bought a dented malachite amulet for 160 gold pieces
 36767 | Orc:1    | Bought a scroll of enchant armour for 240 gold pieces
 36968 | Orc:2    | Entered Level 2 of the Orcish Mines
 37052 | Orc:2    | Found Pineetro's Jewellery Shop.
 37178 | Orc:2    | Reached ****** piety under Nemelex Xobeh
 37185 | Orc:2    | Found a staircase to the Elven Halls.
 37210 | Orc:2    | Reached XP level 16. HP: 117/147 MP: 21/28
 37356 | Orc:2    | Received a gift from Nemelex Xobeh
 37416 | Abyss:1  | Found a corrupted altar of Lugonu.
 37416 | Abyss:1  | Cast into level 1 of the Abyss (orc warrior)
 37484 | Orc:2    | Escaped the Abyss
 37535 | Orc:2    | Reached skill level 5 in Translocations
 38760 | Orc:2    | Received a gift from Nemelex Xobeh
 38976 | Orc:2    | Found Kihaic's Assorted Antiques.
 38977 | Orc:2    | Found Rodo's Weapon Boutique.
 38977 | Orc:2    | Found Xadya's Antique Weapon Shop.
 38978 | Orc:2    | Found Jiwnuux's General Store.
 38989 | Orc:2    | Bought a wand of mindburst (5) for 287 gold pieces
 39676 | Snake:1  | Entered Level 1 of the Snake Pit
 39706 | Snake:1  | Found a transporter.
 39988 | Snake:1  | Received a gift from Nemelex Xobeh
 40209 | Snake:1  | Found a transporter.
 42284 | Snake:1  | Reached skill level 15 in Fighting
 43534 | Snake:2  | Received a gift from Nemelex Xobeh
 43955 | Snake:2  | Identified the +4 scale mail "Bacaigon" {+Blink}
 44236 | Snake:2  | Reached skill level 5 in Invocations
 44837 | Snake:3  | Learned a level 3 spell: Frozen Ramparts
 44841 | Snake:3  | Learned a level 3 spell: Ozocubu's Armour
 45030 | Snake:3  | Noticed Bai Suzhen
 45209 | Snake:3  | Received a gift from Nemelex Xobeh
 45249 | Snake:3  | Killed Bai Suzhen
 46127 | Snake:3  | Found Bilau's Book Emporium.
 46127 | Snake:3  | Found Deapnisu's Jewellery Boutique.
 46128 | Snake:3  | Found Rogec's Book Emporium.
 46255 | Snake:4  | Entered Level 4 of the Snake Pit
 47009 | Snake:4  | Received a gift from Nemelex Xobeh
 47857 | Snake:4  | Reached XP level 17. HP: 57/156 MP: 14/30
 50941 | Snake:4  | Got a serpentine rune of Zot
 51221 | Snake:4  | Reached skill level 16 in Fighting
 52212 | Snake:3  | Bought a book of Rime for 532 gold pieces
 52217 | Snake:3  | Learned a level 4 spell: Summon Ice Beast
 52560 | Orc:1    | Bought Great Wizards, Vol. II for 570 gold pieces
 52567 | Orc:1    | Learned a level 6 spell: Eringya's Noxious Bog
 52728 | Swamp:1  | Entered Level 1 of the Swamp
 52757 | Swamp:1  | Noticed Mlioglotl
 52784 | Swamp:1  | Killed Mlioglotl
 53741 | Swamp:1  | Reached skill level 1 in Summonings
 54591 | Swamp:1  | Noticed Nikola
 54638 | Swamp:1  | Killed Nikola
 55556 | Swamp:2  | Received a gift from Nemelex Xobeh
 57348 | Swamp:2  | Learned a level 3 spell: Mephitic Cloud
 57447 | Swamp:2  | Identified a scroll of acquirement
 57464 | Swamp:2  | Reached skill level 10 in Evocations
 57476 | Swamp:2  | Acquired the +9 staff of Olgreb {rPois∞}
 57476 | Swamp:2  | Found the +9 staff of Olgreb {rPois∞}
 58445 | Swamp:3  | Received a gift from Nemelex Xobeh
 58447 | Swamp:3  | Found a transporter.
 58520 | Swamp:3  | Found a transporter.
 59514 | Swamp:3  | Identified the ring of Vanity {Fire rElec rCorr SInv}
 59516 | Swamp:3  | Identified the +1 cloak of Submission {rN+ Regen+ Str+3
                  | Dex+3}
 59909 | Swamp:3  | Reached skill level 1 in Staves
 60415 | Swamp:4  | Entered Level 4 of the Swamp
 60491 | Swamp:4  | Received a gift from Nemelex Xobeh
 60501 | Swamp:4  | Reached skill level 5 in Poison Magic
 60507 | Swamp:4  | Reached skill level 10 in Spellcasting
 60519 | Swamp:4  | Reached skill level 1 in Air Magic
 60861 | Swamp:4  | Reached skill level 1 in Conjurations
 61400 | Swamp:4  | Reached XP level 18. HP: 111/168 MP: 19/32
 61765 | Swamp:4  | Got a decaying rune of Zot
 62582 | Elf:1    | Entered Level 1 of the Elven Halls
 62987 | Elf:1    | Received a gift from Nemelex Xobeh
 63124 | Elf:1    | Paralysed by an air elemental for 1 turns
 63654 | Elf:1    | Identified the +0 ring mail of Shadows and Fog {rN+ rCorr
                  | Dex+3 Slay-6}
 63665 | Elf:1    | Got Qogao's Omnibus of Battling
 63684 | Elf:1    | Received a gift from Nemelex Xobeh
 63911 | Elf:1    | Paralysed by an air elemental for 1 turns
 64129 | Elf:1    | Received a gift from Nemelex Xobeh
 64566 | Elf:2    | Found a runed translucent gate.
 64566 | Elf:2    | Found a runed translucent gate.
 64600 | Elf:2    | Found Ysarch Buodd's Book Shop.
 64765 | Elf:2    | Received a gift from Nemelex Xobeh
 65009 | Elf:2    | Found a runed translucent gate.
 65211 | Elf:2    | Identified the +4 scale mail of Undesirable Species {Harm
                  | rElec rC+}
 65321 | Elf:3    | Entered Level 3 of the Elven Halls
 65365 | Elf:3    | Found Potuprad's Antique Weapon Boutique.
 65389 | Elf:3    | Received a gift from Nemelex Xobeh
 65487 | Elf:3    | Found an ancient bone altar of Kikubaaqudgha.
 66153 | Elf:3    | Reached skill level 17 in Fighting
 67095 | Elf:3    | Identified the +1 leather armour of an ice cave {Will++
                  | Str+3 Dex-2}
 67318 | Elf:3    | Reached skill level 5 in Air Magic
 67636 | Elf:3    | Identified the ring "Moax Fiziud" {Fire Will+ Str+6}
 67688 | Elf:3    | Reached skill level 5 in Staves
 67829 | Elf:3    | Identified the ring "Hinwui" {rPois rC+ EV+5}
 67838 | Elf:3    | Reached XP level 19. HP: 158/177 MP: 21/33
 67949 | Elf:3    | Identified the +3 leather armour of Dramatic Exits {Slay+3}
 68205 | Elf:3    | Identified the +5 spear of Regicide {heavy, Dex+5}
 68216 | Elf:3    | Noticed a Brimstone Fiend
 68218 | Elf:3    | Reached skill level 5 in Conjurations
 68507 | Elf:3    | Found the +27 heavy crossbow "Sniper" {heavy, Acc+∞ SInv}
 68540 | Elf:3    | Found the +8 arc blade {discharge, rElec}
 68543 | Elf:3    | Identified the staff of Earthquakes {rC+ Dex+6 Ice}
 68553 | Elf:3    | Identified the +0 hat "Quzac" {rF+ rN+ SInv}
 68889 | Elf:3    | Identified the +1 pair of boots of Geist {rN+ rCorr Str+2}
 69003 | Elf:3    | Learned a level 4 spell: Airstrike
 69007 | Elf:3    | Learned a level 3 spell: Swiftness
 69608 | Vaults:1 | Entered Level 1 of the Vaults
 69608 | Vaults:1 | Received a gift from Nemelex Xobeh
 69676 | Vaults:1 | Found a portal to a secret trove of treasure.
 69703 | Vaults:1 | Found Puure's Armour Shop.
 70069 | Vaults:1 | Found a runed translucent door.
 70217 | Vaults:1 | Received a gift from Nemelex Xobeh
 70652 | Vaults:1 | Received a gift from Nemelex Xobeh
 71433 | Vaults:1 | Identified the +5 hand axe of Generosity {venom, rCorr}
 71770 | Vaults:2 | Noticed Frederick
 71773 | Vaults:2 | Reached skill level 18 in Fighting
 71781 | Vaults:2 | Killed Frederick
 71789 | Vaults:2 | Noticed Saint Roka
 71825 | Vaults:2 | Killed Saint Roka
 72127 | Vaults:2 | Got the Folio of the Gathering and Anthracomancy
 72723 | Vaults:2 | Received a gift from Nemelex Xobeh
 73177 | Vaults:2 | Found a staircase to the Crypt.
 73230 | Vaults:2 | Found Roocrul's Distillery.
 73238 | Vaults:2 | Bought a potion of heal wounds for 55 gold pieces
 73238 | Vaults:2 | Bought a potion of haste for 110 gold pieces
 73238 | Vaults:2 | Bought a potion of heal wounds for 55 gold pieces
 73238 | Vaults:2 | Bought a potion of magic for 88 gold pieces
 73238 | Vaults:2 | Bought a potion of heal wounds for 55 gold pieces
 73564 | Vaults:3 | Found Zalooperr's Antique Weapon Emporium.
 73703 | Vaults:3 | Reached XP level 20. HP: 149/189 MP: 22/35
 73879 | Vaults:3 | Received a gift from Nemelex Xobeh
 73934 | Vaults:3 | You fall into a shaft and drop 1 floor!
 74452 | Vaults:3 | Noticed Xtahua
 74685 | Vaults:3 | Reached skill level 19 in Fighting
 74739 | Vaults:3 | Received a gift from Nemelex Xobeh
 74793 | Vaults:3 | Killed Xtahua
 77482 | Vaults:4 | Found Ledirarahe's Antique Armour Emporium.
 77579 | Vaults:4 | Received a gift from Nemelex Xobeh
 77947 | Vaults:4 | Reached skill level 10 in Invocations
 77989 | Vaults:4 | Reached skill level 20 in Fighting
 78159 | Vaults:4 | Identified the scarf "Maurops" {rC+ rF+, +Blink Regen+}
 78164 | Vaults:4 | Noticed an ancient lich
 78185 | Vaults:4 | Killed an ancient lich
 78885 | Vaults:4 | Reached XP level 21. HP: 201/201 MP: 34/37
 79446 | D:5      | Killed Starbright's ghost
 80627 | Vaults:5 | Entered Level 5 of the Vaults
 80640 | Vaults:4 | Reached skill level 10 in Poison Magic
 81583 | Vaults:5 | Gained mutation: Your tail ends in a venomous barb. [a
                  | shining eye]
 81619 | Vaults:5 | Noticed an ancient lich
 83475 | Vaults:5 | Noticed an ancient lich
 83502 | Vaults:5 | Killed an ancient lich
 83503 | Vaults:5 | Reached skill level 21 in Fighting
 83654 | Vaults:5 | Reached skill level 10 in Transmutations
 83695 | Vaults:5 | Killed an ancient lich
 83848 | Vaults:5 | Acquired 1121 gold pieces
 83925 | Vaults:5 | Received a gift from Nemelex Xobeh
 84029 | Vaults:5 | Identified the +10 arbalest "Saf Neq" {speed, rF+ Int-3
                  | Dex+2}
 84341 | Vaults:5 | Got a silver rune of Zot
 85082 | Vaults:5 | Reached XP level 22. HP: 162/213 MP: 21/40
 85353 | Vaults:5 | Received a gift from Nemelex Xobeh
 85495 | Vaults:5 | Found the +3 crown of Dyrovepreva {rElec Int+2 SInv}
 85522 | Vaults:5 | Learned a level 5 spell: Alistair's Intoxication
 85934 | Depths:1 | Entered Level 1 of the Depths
 85991 | Depths:1 | Reached skill level 1 in Throwing
 89141 | Depths:1 | Received a gift from Nemelex Xobeh
 89823 | Depths:1 | Found a one-way gateway to a ziggurat.
 89966 | Depths:1 | Found a gateway to Hell.
 90306 | Depths:1 | Found an ornate altar of the Wu Jian Council.
 90360 | Depths:1 | Found Esyvon's Armour Shoppe.
 90752 | Depths:2 | Found Haad's Weapon Boutique.
 91141 | Depths:2 | Found Pavvuh Wuschi's Armour Shoppe.
 91156 | Depths:2 | Found a one-way gate leading to the halls of Pandemonium.
 91678 | Depths:2 | Received a gift from Nemelex Xobeh
 92240 | Depths:2 | Found Gismameg's Jewellery Emporium.
 93490 | Depths:3 | Reached skill level 5 in Throwing
 93506 | Depths:3 | Reached skill level 15 in Spellcasting
 93585 | Depths:3 | Noticed a juggernaut
 93607 | Depths:3 | Killed a juggernaut
 94025 | Depths:3 | Received a gift from Nemelex Xobeh
 94469 | Depths:2 | Identified the staff "Hydraslayer" {rF++ Conj}
 94470 | Depths:2 | Identified the +8 quarterstaff "Lauber" {drain, rC+}
 94797 | Depths:3 | Reached XP level 23. HP: 220/220 MP: 39/42
 95216 | Depths:3 | Noticed a juggernaut
 95228 | Depths:3 | Killed a juggernaut
 95500 | Depths:3 | Noticed a juggernaut
 95513 | Depths:3 | Killed a juggernaut
 95975 | Depths:3 | Found a one-way gate to the infinite horrors of the Abyss.
 96002 | Depths:4 | Entered Level 4 of the Depths
 96014 | Depths:4 | Received a gift from Nemelex Xobeh
 96694 | Depths:4 | Received a gift from Nemelex Xobeh
 96900 | Depths:4 | Found Doage's Armour Shop.
 97582 | Depths:4 | Found a gate to the Realm of Zot.
 97762 | Depths:4 | Received a gift from Nemelex Xobeh
 97876 | Depths:4 | Upgraded the game from 0.31-a0-233-g139696dc86 to
                  | 0.31-a0-246-g8cbcc1cb85
 98078 | Crypt:1  | Entered Level 1 of the Crypt
 98610 | Crypt:1  | Received a gift from Nemelex Xobeh
100049 | Crypt:1  | Noticed Margery
100069 | Crypt:1  | Killed Margery
100506 | Crypt:2  | Received a gift from Nemelex Xobeh
102460 | Crypt:1  | Reached XP level 24. HP: 228/228 MP: 27/43
103080 | Crypt:2  | Found a transporter.
103091 | Crypt:2  | Learned a level 5 spell: Arcjolt
103095 | Crypt:2  | Noticed Boris
103117 | Crypt:2  | Found a transporter.
103536 | Crypt:3  | Entered Level 3 of the Crypt
103544 | Crypt:3  | Received a gift from Nemelex Xobeh
104683 | Crypt:3  | Received a gift from Nemelex Xobeh
104760 | Crypt:3  | Learned a level 4 spell: Dispel Undead
104899 | Crypt:3  | Found an ancient bone altar of Kikubaaqudgha.
105116 | Crypt:3  | Reached skill level 1 in Necromancy
105254 | Crypt:3  | Noticed a dread lich
105262 | Crypt:3  | Killed a dread lich
105291 | Crypt:3  | Identified the +10 arbalest "Xatrukud" {elec, rPois Str+5
                  | Dex-4}
105832 | Crypt:3  | Received a gift from Nemelex Xobeh
105865 | Crypt:3  | Reached skill level 10 in Air Magic
105943 | Crypt:3  | Found a staircase to the Tomb.
107410 | Slime:1  | Entered Level 1 of the Pits of Slime
108488 | Slime:4  | Gained mutation: You are clumsy. (Dex -2) [a shining eye]
108853 | Slime:5  | Entered Level 5 of the Pits of Slime
109079 | Slime:5  | Found the +3 pair of mountain boots {steadfast, rC+}
109607 | Slime:5  | Received a gift from Nemelex Xobeh
109901 | Slime:5  | Noticed the Royal Jelly
109911 | Slime:5  | Killed the Royal Jelly
110393 | Slime:5  | Gained mutation: You are occasionally teleported next to
                  | monsters. [a shining eye]
111204 | Slime:5  | Received a gift from Nemelex Xobeh
111241 | Slime:5  | Found the +8 whip "Snakebite" {venom, curare, rPois}
111484 | Slime:5  | Learned a level 6 spell: Plasma Beam
111522 | Slime:5  | Gained mutation: You occasionally lose the ability to drink
                  | potions when taking damage. [a shining eye]
111524 | Slime:5  | Gained mutation: You occasionally lose the ability to read
                  | scrolls when taking damage. [a shining eye]
111525 | Slime:5  | Gained mutation: Your mind is acute. (Int +4, Str/Dex -1)
                  | [a shining eye]
111597 | Slime:4  | Found a corrupted altar of Lugonu.
112185 | Slime:4  | Reached skill level 1 in Fire Magic
113111 | Slime:5  | Identified the +10 quarterstaff "Fyipn" {freeze, Fly rCorr
                  | Int-4 Dex+3}
113114 | Slime:5  | Lost mutation: You occasionally lose the ability to drink
                  | potions when taking damage. [potion of mutation]
113114 | Slime:5  | Lost mutation: You occasionally lose the ability to read
                  | scrolls when taking damage. [potion of mutation]
113114 | Slime:5  | Lost mutation: Your tail ends in a venomous barb. [potion
                  | of mutation]
113114 | Slime:5  | Lost mutation: Your mind is acute. (Int +4, Str/Dex -1)
                  | [potion of mutation]
113114 | Slime:5  | Gained mutation: You are robust. (+10% HP) [potion of
                  | mutation]
113284 | Slime:5  | Identified the +7 mace of Doisa {flame, rPois Dex+4 SInv}
113296 | Slime:5  | Got a slimy rune of Zot
113308 | Slime:5  | Got Sif Muna's Volume of the Grey Icicle
113413 | Slime:5  | Got the Monograph on the Electric Snowflakes
113414 | Slime:5  | Identified the staff "Killer Klown's Death" {rN+ Dex+5
                  | Necro}
113426 | Slime:5  | Identified the +0 leather armour of Cikoxt {+Blink}
113430 | Slime:5  | Identified the +1 short sword "Tecsurec" {elec, Stlth+}
113431 | Slime:5  | Upgraded the game from 0.31-a0-246-g8cbcc1cb85 to
                  | 0.31-a0-263-ge8cad7f256
113489 | Slime:5  | Received a gift from Nemelex Xobeh
113800 | Slime:3  | Reached skill level 5 in Necromancy
114017 | Slime:3  | Received a gift from Nemelex Xobeh
114121 | Lair:3   | Lost mutation: You are occasionally teleported next to
                  | monsters. [potion of mutation]
114121 | Lair:3   | Lost mutation: You are clumsy. (Dex -2) [potion of
                  | mutation]
114121 | Lair:3   | Lost mutation: You are robust. (+10% HP) [potion of
                  | mutation]
114121 | Lair:3   | Gained mutation: You have an increased reservoir of magic.
                  | (+10% MP) [potion of mutation]
114121 | Lair:3   | Gained mutation: Your tail ends in a venomous barb. [potion
                  | of mutation]
114121 | Lair:3   | Gained mutation: You are resistant to electric shocks.
                  | (rElec) [potion of mutation]
114545 | Zot:1    | Entered Level 1 of the Realm of Zot
116440 | Vaults:1 | You paid a toll of +3 storm dragon scales to enter a
                  | treasure trove
116441 | Trove    | Entered a treasure trove
116694 | Depths:4 | Identified the -1 long sword of Ubremnoh {freeze, Str+3}
116705 | Depths:4 | HP: 8/231 [storm dragon/bolt of lightning (5)]
117438 | Depths:4 | Reached XP level 25. HP: 173/237 MP: 37/49
118481 | Zot:1    | Reached skill level 5 in Fire Magic
119822 | Zot:2    | Found a runed translucent door.
119822 | Zot:2    | Noticed Wukiw's ghost (legendary MiBe)
119902 | Zot:2    | Received a gift from Nemelex Xobeh
119961 | Zot:2    | Reached skill level 15 in Evocations
120969 | Zot:2    | Upgraded the game from 0.31-a0-263-ge8cad7f256 to
                  | 0.31-a0-271-gb88eb75e06
122331 | Zot:3    | Received a gift from Nemelex Xobeh
122735 | Zot:3    | Noticed Grunn
122740 | Zot:3    | Killed Grunn
123196 | Zot:3    | Learned a level 4 spell: Manifold Assault
123198 | Zot:3    | Received a gift from Nemelex Xobeh
125447 | Zot:4    | Found a transporter.
125448 | Zot:4    | Found a transporter.
125635 | Zot:4    | Reached skill level 10 in Fire Magic
125943 | Zot:4    | Found a transporter.
125962 | Zot:4    | Found a transporter.
125977 | Zot:4    | Found a radiant altar of Vehumet.
126218 | Zot:4    | Found a transporter.
126220 | Zot:4    | Found a transporter.
127998 | Zot:5    | Entered Level 5 of the Realm of Zot
128005 | Zot:5    | Received a gift from Nemelex Xobeh
128241 | Zot:5    | Noticed a Killer Klown
128259 | Zot:5    | Killed a Killer Klown
128308 | Zot:5    | Noticed a Killer Klown
128311 | Zot:5    | Received a gift from Nemelex Xobeh
128336 | Zot:5    | Killed a Killer Klown
130001 | Zot:5    | Reached XP level 26. HP: 227/246 MP: 38/49
130605 | Zot:5    | Noticed a dread lich
130632 | Zot:5    | Killed a dread lich
130925 | Zot:5    | Noticed an ancient lich
130937 | Zot:5    | Killed an ancient lich
131105 | Zot:5    | Noticed an ancient lich
131110 | Zot:5    | Noticed an ancient lich
131116 | Zot:5    | Killed an ancient lich
131134 | Zot:5    | Killed an ancient lich
131137 | Zot:5    | Reached skill level 15 in Fire Magic
131272 | Zot:5    | Noticed an orb of fire
131564 | Zot:5    | Noticed an orb of fire
131602 | Zot:5    | Upgraded the game from 0.31-a0-271-gb88eb75e06 to
                  | 0.31-a0-277-g31ea1f65cc
131906 | Zot:5    | Gained mutation: You are frail. (-10% HP) [an orb of fire]
131908 | Zot:5    | Gained mutation: Potions are less effective at restoring
                  | your health. [an orb of fire]
131912 | Zot:5    | Killed an orb of fire
131921 | Zot:5    | Noticed an orb of fire
131933 | Zot:5    | Gained mutation: You are very frail. (-20% HP) [an orb of
                  | fire]
131935 | Zot:5    | Gained mutation: You do not regenerate when monsters are
                  | visible. [an orb of fire]
131937 | Zot:5    | Gained mutation: Your spells are a little easier to cast,
                  | but a little less powerful. [an orb of fire]
131939 | Zot:5    | Killed an orb of fire
132527 | Zot:1    | Lost mutation: You do not regenerate when monsters are
                  | visible. [potion of mutation]
132527 | Zot:1    | Lost mutation: Potions are less effective at restoring your
                  | health. [potion of mutation]
132527 | Zot:1    | Lost mutation: You are resistant to electric shocks.
                  | (rElec) [potion of mutation]
132527 | Zot:1    | Lost mutation: You have an increased reservoir of magic.
                  | (+10% MP) [potion of mutation]
132527 | Zot:1    | Gained mutation: You possess an exceptional clarity of
                  | mind. [potion of mutation]
132527 | Zot:1    | Gained mutation: Your muscles are strong. (Str +4, Int/Dex
                  | -1) [potion of mutation]
132813 | Vaults:2 | Lost mutation: You are very frail. (-20% HP) [potion of
                  | mutation]
132813 | Vaults:2 | Lost mutation: You possess an exceptional clarity of mind.
                  | [potion of mutation]
132813 | Vaults:2 | Gained mutation: You have supernaturally acute eyesight.
                  | (SInv) [potion of mutation]
134378 | Zot:5    | Noticed a dread lich
134398 | Zot:5    | Killed a dread lich
134933 | Zot:5    | Got the Orb of Zot
134983 | Zot:5    | Lost mutation: Your muscles are strong. (Str +4, Int/Dex
                  | -1) [an orb of fire]
135111 | Zot:1    | Noticed Zop Mev the pandemonium lord
135189 | Depths:3 | Noticed Exur the pandemonium lord
135264 | Depths:1 | Noticed an ancient lich
135265 | Depths:1 | Noticed Pobor the pandemonium lord
135404 | D:9      | Noticed Rerphit the pandemonium lord
135434 | D:9      | Identified the +2 demon trident of Precise Incision {heavy,
                  | rElec Str+3}
135445 | D:9      | Noticed Tadujoso the pandemonium lord
135579 | D:9      | Noticed a seraph
135842 | D:$      | Escaped with the Orb!

Illustrated notes

Levels and vault maps discovered:
D:1:      dpeg_arrival_round_c, layout_basic, minmay_misc_feat_secret_circle,
          chequers_serial_rivers_micro_d
D:2:      layout_loops_ring, serial_shops, shop, minmay_tromino_i4
D:3:      layout_loops_cross, uniq_sigmund, uniq_natasha
D:4:      layout_basic, lemuel_doored_altar, gup_sewer_entry_glass
D:5:      layout_basic, ebering_ghost_sewer_f
D:6:      layout_basic, mainiacjoe_overflow_large_starburst,
          minmay_temple_entry_tees, uniq_pikel
D:7:      layout_cave_pools, enter_bailey_4, minmay_stone_trees_small
D:8:      layout_rooms, nicolae_gozag_cash_rules_everything_around_me,
          dpeg_lair_monsters
D:9:      layout_basic
D:10:     minmay_separated_statues, layout_loops_corners, orc_0_dummy,
          uniq_erica
D:11:     layout_long_grid, bloody_makhleb
D:12:     layout_roguey, corner_web_ring, minivault_16,
          minmay_guarded_unrand_resistance
D:13:     layout_roguey, serial_bayou, serial_bayou_crossing,
          serial_bayou_pond_d, serial_bayou_ford_a, serial_bayou_pond_b,
          kennysheep_small_square, uniq_jorgrun
D:14:     layout_loops_ring, erik_vaults_1, lemuel_crystal_altar, uniq_lodul
D:15:     hangedman_depths_entry_try_elsewhere_first, layout_stronghold,
          uniq_kirke
Temple:   dpeg_five_rooms_temple
Lair:1:   layout_regular_city, serial_bayou_lagoon_a, minivault_23,
          fungi_pond_lemuel, dreamdust_mushroom_princess,
          eino_small_chamber_without_monster, serial_bayou_shore_b,
          uniq_gastronok
Lair:2:   layout_roguey, nicolae_swamp_entry_splash_gauntlet,
          beast_lair_carwin_7
Lair:3:   layout_cave_pods, dummy_snake_entry, serial_bayou_pond_d
Lair:4:   layout_loops_ring
Lair:5:   minmay_lair_end_enchanted_forest, layout_hall_layers, slime_entry_2,
          serial_bayou_shore_a
Swamp:1:  layout_falls_marsh, hangedman_swamp_diagram, uniq_nikola,
          uniq_mlioglotl
Swamp:2:  layout_falls_marsh, evilmike_swamp_ruin_house_3
Swamp:3:  gammafunk_worm_tunnel, layout_falls_marsh, nicolae_swamp_fairy_circle,
          infiniplex_staircase_pool
Swamp:4:  swamp_icy, layout_basic_swamp
Snake:1:  gammafunk_its_a_trap, layout_basic
Snake:2:  layout_onion, nicolae_snake_gridmaze_tees, grunt_megastairs_4
Snake:3:  layout_gridlike, st_stairs_5, minmay_shop_grove, uniq_bai_suzhen
Snake:4:  minmay_snake_end_coiled, layout_misc_corridors, grunt_ministairs_4
Slime:1:  layout_caves
Slime:2:  layout_caves
Slime:3:  layout_caves
Slime:4:  layout_caves, basic_altar, amcnicky_altar_lugonu_corruption
Slime:5:  slime_pit_nicolae_inversion
Orc:1:    layout_caves, portal_ice_cave_demonic_guard, serial_shops,
          nicolae_shop_dealshenge, nicolae_diamond_shop, shop, shop,
          basic_altar, mines4_lemuel, uniq_maurice
Orc:2:    st_orc_pillars, layout_caves, serial_shops,
          nicolae_shop_just_a_little_nook
Elf:1:    eino_elf_arrival_sip, layout_onion_city, minmay_elf_sorcery
Elf:2:    elven_hall_of_blades_hangedman_original [mumra_blade_entry_dagger],
          layout_gridlike, serial_shops, shop
Elf:3:    grunt_elf_hall_diamonds, layout_rooms, basic_altar, serial_shops,
          nicolae_shop_tiny_real_fake_doors
Vaults:1: vaults_dpeg_spiral, nicolae_vaults_closet_pinwheel_3,
          dpeg_vaults_monster_row, nicolae_vaults_storage_closets_1,
          grunt_vaults_hallway_short, vaults_dpeg_ring, nicolae_vaults_oozy_zoo,
          layout_vaults_big_room, nicolae_trove_entry_free_sample, serial_shops,
          shop
Vaults:2: nicolae_vaults_network_star, vaults_dpeg_cross,
          nicolae_vaults_network_square, vaults_room_hangedman_quadrants,
          grunt_vaults_bifocal, nicolae_vaults_diamond_1,
          nicolae_vaults_tetromino_T_1, v_misc_14, vaults_room_pool,
          minmay_crypt_entry_simple_box, layout_vaults_omnigrid, serial_shops,
          shop, uniq_saint_roka, uniq_frederick
Vaults:3: nicolae_vaults_branching_niches, v_misc_14, v_alt_pattern_4,
          hangedman_vaults_corner_blocks, nicolae_vaults_network_periphery,
          ontoclasm_vaults_ring_square, nicolae_vaults_big_angled_halls,
          nicolae_vaults_what_the_h, nicolae_vaults_little_squares_5,
          nicolae_vaults_tetromino_L_1, nicolae_vaults_little_squares_5,
          nicolae_vaults_trapezoid_1, ontoclasm_vaults_bender,
          vaults_dpeg_emergency_exit, nicolae_vaults_alarming,
          layout_vaults_ring, serial_shops, shop, uniq_xtahua
Vaults:4: nicolae_vaults_shipping_containers_7,
          vaults_mumra_minichess_inversion, hangedman_vaults_maws,
          nicolae_vaults_diamond_1, nicolae_vaults_house_1,
          nicolae_vaults_sesquioval_fish, vaults_room_fours,
          vaults_room_door_ring, nicolae_vaults_variable_pillar_hall,
          nicolae_vaults_mini_display_case, v_rooms_3,
          nicolae_vaults_hexular_roomagon, nicolae_vaults_diamond_1,
          vaults_dpeg_diagonal, nicolae_vaults_trapezoid_lopsided_1,
          nicolae_vaults_little_squares_3, layout_vaults_maze_snakey,
          serial_shops, nicolae_shop_behind_doors
Vaults:5: serial_shops
Crypt:1:  layout_gridlike, grunt_crypt_arrival_split, grunt_megastairs_5,
          uniq_margery
Crypt:2:  gammafunk_sealed_arena, layout_rooms, lemuel_nasty_fountain,
          uniq_boris
Crypt:3:  evilmike_haunted_forest
Depths:1: layout_honeycomb, enter_ziggurat_a, lightli_too_deep, serial_shops,
          nicolae_shop_back_alley_shop, grunt_decor_cap,
          nicolae_wu_jian_wuxing_cycle
Depths:2: minmay_coctagon, layout_cross, hellmouth_3, minmay_misc_feat_plants,
          pan_entry, serial_shops, shop, shop, nicolae_shop_peninsula,
          firewood_loft, infiniplex_staircase_trident
Depths:3: lemuel_castle_with_subvaults [lemuel_castle_interior_carwin_3],
          layout_basic, minmay_crystal_water, mu_enter_wizlab_3, hell_entry,
          abyss_entry_small_statue_room, grunt_megastairs_2
Depths:4: evilmike_zot_entry_round, layout_cave_shapes, hell_entry,
          minmay_fountain_box, minmay_shop_star
Zot:1:    layout_misc_corridors, grunt_ministairs_1
Zot:2:    layout_onion_interference, ebering_ghost_inner_flame, zot_minivault_1
Zot:3:    layout_gridlike, st_stairs_6, uniq_grunn
Zot:4:    lemuel_acid_trip, layout_onion_interference, basic_altar,
          hangedman_zot_decor_scrapings, serial_nicolae_subway,
          nicolae_sub_station_stone, nicolae_sub_station_crystal,
          nicolae_sub_station_metal
Zot:5:    layout_gridlike

Skill      XL: |  1  2  3  4  5  6  7  8  9 10 11 12 13 14 15 16 17 18 19 20 21 22 23 24 25 26 |
---------------+-------------------------------------------------------------------------------+-----
Dodging        | 2 3 4 5 6 7 8 9 10 11 12 13 | 13.0
Fighting       | 2 3 4 6 7 8 10 11 12 13 14 15 16 17 18 20 21 | 21.7
Spellcasting   | 3 4 5 6 7 8 9 10 11 12 14 15 16 17 | 17.6
Transmutations | 3 4 5 7 8 9 10 12 14 | 14.8
Unarmed Combat | 4 |  4.7
Maces & Flails | 3 5 6 8 10 11 12 | 12.0
Ice Magic      | 4 7 8 9 |  9.4
Poison Magic   | 3 4 5 7 8 9 11 12 | 12.0
Shields        | 4 6 8 |  8.3
Stealth        | 4 6 7 |  7.8
Evocations     | 4 6 8 10 11 12 18 | 18.0
Translocations | 1 4 6 |  6.0
Invocations    | 2 6 8 10 12 | 12.5
Summonings     | 3 4 |  4.0
Staves         | 2 5 7 9 |  9.6
Air Magic      | 1 5 7 8 11 | 11.5
Conjurations   | 1 4 6 7 9 |  9.6
Throwing       | 6 8 |  8.0
Shapeshifting  | 12 | 12.6
Necromancy     | 5 |  5.8
Fire Magic     | 3 13 18 | 18.9

Action                     |  1- 3 |  4- 6 |  7- 9 | 10-12 | 13-15 | 16-18 | 19-21 | 22-24 | 25-27 || total
---------------------------+-------+-------+-------+-------+-------+-------+-------+-------+-------++-------
  Melee: Unarmed           |   130 |       |       |       |    50 |       |       |       |       ||   180
         Tailslap          |    13 |     9 |    19 |    86 |   321 |   426 |   383 |   883 |   261 ||  2401
         Kick              |    22 |    10 |    35 |   112 |   278 |    21 |       |       |       ||   478
         Punch             |     4 |     2 |     6 |    22 |    15 |       |       |       |       ||    49
         Headbutt          |     9 |     8 |    23 |    85 |   147 |    17 |       |       |       ||   289
         Short sword       |     8 |    88 |     3 |       |       |       |       |       |       ||    99
         Whip              |       |       |   173 |   519 |  1478 |  1505 |   232 |  1434 |       ||  5341
         Staff             |       |       |       |       |       |   385 |  1099 |  1479 |   888 ||  3851
         Quick blade       |       |       |       |       |       |       |    48 |       |       ||    48
         Knife             |       |       |       |       |       |       |     4 |       |       ||     4
  Throw: Throwing net      |     1 |       |       |       |     1 |       |       |       |       ||     2
         Dart              |       |     2 |       |    19 |     9 |     4 |     2 |     4 |     2 ||    42
         Boomerang         |       |       |       |     5 |       |     1 |       |       |       ||     6
         Javelin           |       |       |       |       |       |     2 |     1 |     1 |       ||     4
   Cast: Beastly Appendage |    15 |    12 |    25 |    29 |    46 |     9 |       |       |       ||   136
         Wereblood         |       |       |     2 |    11 |    10 |     4 |     1 |       |     3 ||    31
         Ice Form          |       |       |       |       |     6 |       |       |       |       ||     6
         Spider Form       |       |       |       |       |     1 |       |       |       |       ||     1
         Blink             |       |       |       |       |     2 |     1 |     5 |    12 |       ||    20
         Frozen Ramparts   |       |       |       |       |       |    18 |    19 |     3 |     5 ||    45
         Ozocubu's Armour  |       |       |       |       |       |     5 |     4 |     3 |     1 ||    13
         Mephitic Cloud    |       |       |       |       |       |     2 |     8 |     2 |       ||    12
         Summon Ice Beast  |       |       |       |       |       |     1 |     2 |     4 |       ||     7
         Airstrike         |       |       |       |       |       |       |     3 |    49 |    78 ||   130
         Swiftness         |       |       |       |       |       |       |     5 |     2 |    10 ||    17
         Eringya's Noxious |       |       |       |       |       |       |       |     9 |     7 ||    16
         Arcjolt           |       |       |       |       |       |       |       |    26 |     2 ||    28
         Plasma Beam       |       |       |       |       |       |       |       |       |     9 ||     9
         Manifold Assault  |       |       |       |       |       |       |       |       |     2 ||     2
         Alistair's Intoxi |       |       |       |       |       |       |       |       |     1 ||     1
         Dispel Undead     |       |       |       |       |       |       |       |       |     5 ||     5
 Invoke: Draw Destruction  |       |       |       |     2 |    24 |    39 |    26 |    40 |    16 ||   147
         Draw Summoning    |       |       |       |       |     1 |     4 |     8 |     7 |     3 ||    23
         Draw Escape       |       |       |       |       |     1 |     4 |     3 |     2 |       ||    10
         Draw Stack        |       |       |       |       |       |       |     6 |     7 |     3 ||    16
         Stack Five        |       |       |       |       |       |       |     2 |     1 |     1 ||     4
         Deal Four         |       |       |       |       |       |       |       |     2 |       ||     2
         Triple Draw       |       |       |       |       |       |       |       |     1 |       ||     1
Ability: Breathe Steam     |       |       |     9 |    21 |    61 |    86 |    26 |    19 |    22 ||   244
         End Transformatio |       |       |       |       |     1 |       |       |       |       ||     1
         Evoke Blink       |       |       |       |       |       |     2 |     5 |    18 |     1 ||    26
         Evoke the Staff o |       |       |       |       |       |    33 |    74 |    58 |    27 ||   192
  Evoke: Wand              |       |       |     3 |    10 |     5 |    37 |    21 |    36 |    34 ||   146
         Condenser vane    |       |       |       |       |     1 |     3 |     4 |     3 |     1 ||    12
         Phantom mirror    |       |       |       |       |     1 |     1 |       |       |     1 ||     3
         Lightning rod     |       |       |       |       |       |    10 |    11 |    17 |     6 ||    44
         Box of beasts     |       |       |       |       |       |     1 |       |     2 |       ||     3
         Phial of floods   |       |       |       |       |       |     1 |       |       |       ||     1
    Use: Scroll            |     1 |    15 |     4 |     7 |    13 |    11 |     7 |    13 |     7 ||    78
         Potion            |     1 |       |     2 |     4 |     2 |     9 |    12 |    12 |    10 ||    52
   Stab: Sleeping          |       |       |       |       |     5 |    21 |    25 |    16 |     2 ||    69
         Distracted        |       |       |       |       |     1 |     9 |     3 |     3 |       ||    16
         Confused          |       |       |       |       |       |     5 |     1 |       |     2 ||     8
 Armour: Skin              |    46 |    32 |    26 |    74 |   185 |   353 |   319 |   830 |   299 ||  2164
  Dodge: Dodged            |    88 |    56 |    95 |   265 |   580 |   610 |   648 |  1297 |   466 ||  4105
  Block: Kite shield       |       |       |       |       |   269 |   711 |   803 |  1385 |   467 ||  3635
         Buckler           |       |       |       |       |    43 |       |       |       |       ||    43

Table legend: (Time is in decaauts)
 A = Elapsed time spent in this place.
 B = Non-inter-level travel time spent in this place.
 C = Inter-level travel time spent in this place.
 D = Time resting spent in this place.
 E = Time spent auto-exploring this place.
 F = Levels seen in this place.
 G = Mean time per level.
                   A        B        C        D        E       F      G
               +--------+--------+--------+--------+--------+-----+--------+
         Total | 132661 | 124607 |   8054 |  68941 |  30253 |  61 | 2174.8 |
       Dungeon |  26867 |  24153 |   2714 |  10627 |   9078 |  15 | 1791.1 |
        Temple |    271 |    213 |     58 |      0 |    200 |   1 |  271.0 |
          Lair |  12626 |  11671 |    955 |   6411 |   3438 |   5 | 2525.2 |
         Swamp |   8501 |   8337 |    164 |   5092 |   1594 |   4 | 2125.2 |
     Snake Pit |  12309 |  11882 |    427 |   7432 |   2571 |   4 | 3077.2 |
    Slime Pits |   5916 |   5916 |      0 |   4172 |    386 |   5 | 1183.2 |
  Orcish Mines |   3295 |   3062 |    233 |    853 |   1215 |   2 | 1647.5 |
   Elven Halls |   6377 |   6218 |    159 |   3027 |   1593 |   3 | 2125.7 |
        Vaults |  15830 |  14301 |   1529 |   7216 |   3958 |   5 | 3166.0 |
         Crypt |   8365 |   8068 |    297 |   4123 |   1809 |   3 | 2788.3 |
        Depths |  12179 |  11281 |    898 |   6646 |   2596 |   4 | 3044.8 |
           Zot |  16382 |  15768 |    614 |  10786 |   1461 |   5 | 3276.4 |
         Abyss |     67 |     67 |      0 |      0 |     42 |   1 |   67.0 |
         Trove |     59 |     59 |      0 |      0 |      0 |   1 |   59.0 |
         Sewer |    132 |    132 |      0 |      0 |     61 |   1 |  132.0 |
        Bailey |   1590 |   1590 |      0 |   1347 |      0 |   1 | 1590.0 |
      Ice Cave |   1887 |   1887 |      0 |   1206 |    248 |   1 | 1887.0 |
               +--------+--------+--------+--------+--------+-----+--------+

Top non-repeatable levels by time:
   Zot:5: 5819 daAuts
Vaults:4: 5216 daAuts
 Snake:4: 5161 daAuts
    D:15: 4959 daAuts
Depths:4: 4379 daAuts
 Crypt:1: 3922 daAuts
   Zot:3: 3796 daAuts
  Lair:5: 3731 daAuts
Vaults:3: 3536 daAuts
 Slime:4: 3364 daAuts
  Lair:2: 3295 daAuts
 Crypt:3: 3243 daAuts
Depths:1: 2976 daAuts
 Snake:1: 2814 daAuts
 Swamp:3: 2764 daAuts
